 Dungeon Crawl Stone Soup version 0.22-a0-231-g75390ab (webtiles) character file.

105 tollydeux the Ruffian (level 4, -1/33 HPs)
             Began as a Ghoul Earth Elementalist on Apr 29, 2018.
             Slain by an orc priest
             ... wielding a +0 flail
              (4 damage)
             ... on level 3 of the Dungeon.
             The game lasted 00:09:38 (1626 turns).

tollydeux the Ruffian (Ghoul Earth Elementalist)    Turns: 1626, Time: 00:09:39

Health: -1/33      AC:  5    Str: 12      XL:     4   Next: 83%
Magic:  1/5        EV: 15    Int:  9 (10) God:
Gold:   114        SH:  0    Dex: 12 (14) Spells: 3/6 levels left

rFire    . . .     SeeInvis .     - Unarmed
rCold    + . .     Gourm    .   (no shield)
rNeg     + + +     Faith    .   l - +0 ring mail
rPois    ∞         Spirit   .   (no helmet)
rElec    .         Reflect  .   (no cloak)
rCorr    .         Harm     .   (no gloves)
MR       .....                  (no boots)
Stlth    ++........             d - amulet of regeneration
HPRegen  0.00/turn              (no ring)
MPRegen  0.09/turn              (no ring)

@: agile, very slightly contaminated, rotting
A: rotting body, claws 1, carnivore, cold resistance 1, negative energy
resistance 3, inhibited regeneration, torment resistance, unbreathing
a: no special abilities


You were on level 3 of the Dungeon.
You were not hungry.

You visited 1 branch of the dungeon, and saw 3 of its levels.

You collected 114 gold pieces.

Inventory:

Missiles
 c - 105 stones (quivered)
Armour
 l - a +0 ring mail (worn)
 p - a +0 pair of gloves
 v - a +0 buckler
Jewellery
 d - an amulet of regeneration (around neck)
Scrolls
 a - a scroll of recharging {unknown}
 j - 2 scrolls of remove curse
 o - a scroll of enchant armour {unknown}
 q - a scroll of blinking
 t - a scroll of teleportation {unknown}
 u - a scroll of noise {unknown}
 w - a scroll of magic mapping {unknown}
Potions
 f - 2 potions of mutation
 h - a potion of curing {unknown}
 i - 2 potions of restore abilities
 k - 2 potions of ambrosia {unknown}
 m - a potion of flight {unknown}
 n - a potion of agility
 r - a potion of lignification
 s - a potion of degeneration {unknown}
Books
 e - a book of Geomancy

   Spells                             Type                      Level
   a - Sandblast                      Earth                        1
   b - Passwall                       Transmutation/Earth          2
   c - Stone Arrow                    Conjuration/Earth            3
   d - Petrify                        Transmutation/Earth          4
   e - Lee's Rapid Deconstruction     Earth                        5
Comestibles
 b - 3 rations


   Skills:
 - Level 1.7 Dodging
 - Level 2.1 Stealth
 + Level 4.7 Unarmed Combat
 - Level 1.7 Spellcasting
 - Level 0.8 Transmutations
 - Level 3.2 Earth Magic


You had 3 spell levels left.
You knew the following spells:

 Your Spells              Type           Power        Failure   Level  Hunger
a - Sandblast             Erth           #.....       21%         1    ##.....
d - Passwall              Tmut/Erth      #.........   45%         2    ###....


Dungeon Overview and Level Annotations

Branches:
Dungeon (3/15)

Altars:
Elyvilon


Innate Abilities, Weirdness & Mutations

Your body is rotting away.
You thrive on raw meat.
You are immune to poison.
You have sharp fingernails.
You are carnivorous and can eat meat at any time.
Your flesh is cold resistant. (rC+)
You are immune to negative energy. (rN+++)
You do not regenerate when monsters are visible.
You are immune to unholy pain and torment.
You can survive without breathing.


Message History

Eat a chunk of flesh? (ye/n/q)
You eat the chunk of flesh.
This raw flesh tastes great!
The orc priest closely misses you.
Okay, then.
You barely miss the orc priest.
The orc priest is heavily wounded.
The orc priest barely misses you.
You scratch the orc priest but do no damage.
The orc priest is heavily wounded.
You barely miss the orc priest.
The orc priest is heavily wounded.
The orc priest looks encouraged for a moment.
You scratch the orc priest.
The orc priest is almost dead.
The orc priest hits you with a flail!
* * * LOW HITPOINT WARNING * * *
You scratch the orc priest but do no damage.
The orc priest is almost dead.
The orc priest hits you with a flail.
You die...

#.....# ##o....# ##
#.....#### . ..
######K.......# ..#<#
#...o.........# .....
#.#####.......#
#.....+.....'.......+
......#.#####.......#
#...bo@##........
#.#.#####........
#[#......#####...
#..).....# ...
#........# ..
#.....#### #.....#
+.....# #.....#


You could see an orc priest and a bat.

Vanquished Creatures
  5 adders (D:2)
  An ooze (D:2)
  A dart slug (D:1)
  2 leopard geckos
  An orc (D:3)
  2 giant cockroaches
  6 goblins
  9 hobgoblins
  11 kobolds
  A quokka (D:2)
  2 ball pythons
  3 bats (D:1)
  2 frilled lizards
  6 rats
52 creatures vanquished.

Notes
Turn   | Place    | Note
-------+----------+-------------------------------------------
     0 | D:1      | tollydeux the Ghoul Earth Elementalist began the quest for the Orb.
     0 | D:1      | Reached XP level 1. HP: 14/14 MP: 2/2
   161 | D:1      | Reached skill level 1 in Unarmed Combat
   192 | D:1      | Reached XP level 2. HP: 20/20 MP: 3/3
   210 | D:1      | Reached skill level 2 in Unarmed Combat
   504 | D:1      | Reached XP level 3. HP: 20/26 MP: 4/4
   559 | D:1      | Reached skill level 3 in Unarmed Combat
   648 | D:2      | Found a white marble altar of Elyvilon.
   663 | D:2      | Learned a level 2 spell: Passwall
   831 | D:2      | Reached XP level 4. HP: 31/33 MP: 5/5
   851 | D:2      | Reached skill level 4 in Unarmed Combat
  1626 | D:3      | Slain by an orc priest

Vault maps used:
D:1:      matt_arrival_refuge
D:2:      overflow_temple_1_default
D:3:      uniq_grinder

Skill      XL: |  1  2  3  4 |
---------------+-------------+-----
Unarmed Combat | 1 2 3 4 |  4.7
Dodging        | |  1.7
Stealth        | |  2.1
Spellcasting   | |  1.7
Transmutations | |  0.8
Earth Magic    | |  3.2

Action                   |  1- 3 |  4- 6 || total
-------------------------+-------+-------++-------
Melee: Unarmed           |   116 |    92 ||   208
       Punch             |     1 |       ||     1
 Cast: Sandblast         |       |     3 ||     3
  Use: Scroll            |     2 |     1 ||     3
       Potion            |       |     3 ||     3
  Eat: Chunk             |    11 |    10 ||    21
Armor: Ring mail         |    43 |    23 ||    66
       Robe              |     3 |       ||     3
Dodge: Dodged            |    62 |    49 ||   111

Table legend:
 A = Spawn XP
 B = Non-spawn XP
 C = Spawn XP percentage of total XP
 D = Spawn monster count
 E = Non-spawn monster count
 F = Spawn count percentage of total count
 G = Total turns spent on level
                    A         B        C        D         E        F      G
               +---------+---------+-------+---------+---------+-------+---------
         Total |       0 |     151 |   0.0 |       0 |      52 |   0.0 |  1626
               +---------+---------+-------+---------+---------+-------+---------
           D:1 |       0 |      41 |   0.0 |       0 |      25 |   0.0 |   648
           D:2 |       0 |      98 |   0.0 |       0 |      21 |   0.0 |   852
           D:3 |       0 |      12 |   0.0 |       0 |       6 |   0.0 |   126
               +---------+---------+-------+---------+---------+-------+---------
